 Dungeon Crawl Stone Soup version 0.29-a0-559-g359e09b9d1 (webtiles) character file.

Game seed: 10270806773808011877

1 spaghetti the Changer (level 1, 0/13 HPs)
             Began as a Gnoll Wanderer on June 9, 2022.
             Slain by a goblin
             ... wielding a +0 club
              (3 damage)
             ... on level 1 of the Dungeon.
             The game lasted 00:00:19 (66 turns).

spaghetti the Changer (Gnoll Wanderer)                Turns: 66, Time: 00:00:20

Health: 0/13       AC:  3    Str: 11    XL:     1   Next: 20%
Magic:  4/4        EV: 11    Int: 13    God:
Gold:   0          SH:  0    Dex:  9    Spells: 5/5 levels left

rFire   . . .      SeeInvis .   a - +0 club {mace}
rCold   . . .      Faith    .   (no shield)
rNeg    . . .      Spirit   .   c - +0 robe
rPois   .          Reflect  .   d - +0 helmet
rElec   .          Harm     .   (no cloak)
rCorr   .          Rampage  .   (no gloves)
Will    .....                   (no boots)
Stlth   ++........              (no amulet)
HPRegen 0.04/turn               (no ring)
MPRegen 0.09/turn               (no ring)

@: mighty
A: fangs 1, strong nose, distributed training
a: no special abilities


You were on level 1 of the Dungeon.
You visited 1 branch of the dungeon, and saw 1 of its levels.


Innate Abilities, Weirdness & Mutations

You have very sharp teeth.
Your uncanny sense of smell can sniff out nearby items.
Your experience applies equally to all skills.


   Skills:
 + Level 0.0 Fighting
 + Level 0.0 Short Blades
 + Level 0.0 Long Blades
 + Level 0.0 Axes
 + Level 0.0 Maces & Flails
 + Level 0.0 Polearms
 + Level 0.0 Staves
 + Level 0.0 Slings
 + Level 0.0 Bows
 + Level 0.0 Crossbows
 + Level 0.0 Throwing
 + Level 0.0 Armour
 + Level 0.0 Dodging
 + Level 2.1 Stealth
 + Level 0.0 Shields
 + Level 0.0 Unarmed Combat
 + Level 2.6 Spellcasting
 + Level 0.0 Conjurations
 + Level 0.0 Hexes
 + Level 5.3 Summonings
 + Level 0.0 Necromancy
 + Level 0.0 Translocations
 + Level 7.0 Transmutations
 + Level 0.0 Fire Magic
 + Level 0.0 Ice Magic
 + Level 0.0 Air Magic
 + Level 0.0 Earth Magic
 + Level 0.0 Poison Magic
 + Level 0.0 Invocations
 + Level 2.3 Evocations


You had 5 spell levels left.
You didn't know any spells.
Your spell library contained the following spells:

 Spells                   Type           Power      Damage    Failure   Level
 Beastly Appendage        Tmut           40%        N/A       1%          1
 Summon Small Mammal      Summ           60%        N/A       2%          1
 Passwall                 Tmut/Erth      8%         N/A       9%          2
 Summon Guardian Golem    Hex/Summ       8%         N/A       24%         3
 Petrify                  Tmut/Erth      10%        N/A       50%         4

Inventory:

Hand Weapons
 a - a +0 club (weapon) {mace}
Armour
 c - a +0 robe (worn)
 d - a +0 helmet (worn)
Scrolls
 b - a scroll of blinking {!r}

Dungeon Overview and Level Annotations

Branches:
Dungeon (1/15)

Altars:

#..#...#
#.#.#..##
#..#)..)# ##
##......# ..
###......## .#
#.........# .# #
#.#######.####.#
#.#####.#
#.......#
#...gg@.#
##.#.#.#.##
####r####
#.#.#.#.#.#
#....$#
##.#.#.#.##
#.....#
#.#.#.#.#..
#.....#
##.≈≈≈≈≈.#.
........
#.#≈...≈#..
##.....#.#
##.≈..<≈.#.
###:###.#
#.#≈...≈#.. .# #
##.≈≈≈≈≈.#.


You could see 2 goblins and a rat.


Message History

You begin with the following items: a +0 club {mace}, a scroll of blinking {!r}, a +0 robe, a +0 helmet; and the following spells available to memorise: Beastly Appendage, Summon Small Mammal, Passwall, Summon Guardian Golem, Petrify.
You enter the shallow water.
Moving in this stuff is going to be slow.
e - a fuming yellow potion You see here a +0 club {mace}.
Key pressed, stopping explore.
A goblin comes into view. It is wielding a +0 club.
A giant cockroach and a goblin come into view.
The helpless goblin fails to defend itself.
You hit the goblin.
The goblin shouts!
The goblin hits you but does no damage. The giant cockroach misses you.
You barely miss the goblin. The goblin hits you with a +0 club.
The giant cockroach closely misses you.
The goblin hits you but does no damage. 😕 HP[-1]
You take 1 damage, and now have 12/13 hp.
You are too injured to fight recklessly!
You are too injured to fight recklessly!
You are too injured to fight recklessly!
You are too injured to fight recklessly!
You are too injured to fight recklessly!
You are too injured to fight recklessly!
You are too injured to fight recklessly!
You are too injured to fight recklessly!
You are too injured to fight recklessly!
You are too injured to fight recklessly!
You are too injured to fight recklessly!
You are too injured to fight recklessly!
You are too injured to fight recklessly!
You are too injured to fight recklessly!
You are too injured to fight recklessly!
You are too injured to fight recklessly!
You are too injured to fight recklessly!
You are too injured to fight recklessly!
Unknown command.
A rat comes into view.
You hit the giant cockroach but do no damage.
The giant cockroach bites you but does no damage.
The giant cockroach barely misses you. 😎 HP[+1]
Your hp is fully restored (13).
You barely miss the giant cockroach.
The giant cockroach bites you but does no damage. x2
You barely miss the giant cockroach.
The giant cockroach bites you but does no damage.
You hit the giant cockroach.
The giant cockroach bites you but does no damage.
The giant cockroach bites you. 😕 HP[-1]
You take 1 damage, and now have 12/13 hp.
You hit the giant cockroach but do no damage.
The giant cockroach bites you. 😕 HP[-1]
You take 1 damage, and now have 11/13 hp.
You don't know any spells.
Okay, then.
Memorise Beastly Appendage, consuming 1 spell level and leaving 4?
The giant cockroach bites you but does no damage.
Your memorisation is interrupted.
Unknown command.
Memorise Beastly Appendage, consuming 1 spell level and leaving 4?
The giant cockroach completely misses you.
The giant cockroach closely misses you.
You start memorising the spell.
You continue memorising.
The giant cockroach bites you.
Your memorisation is interrupted. 😕 HP[-1]
You take 1 damage, and now have 10/13 hp.
You don't know any spells.
You are too injured to fight recklessly!
You closely miss the giant cockroach. The giant cockroach bites you. 😮 HP[-1]
You take 1 damage, and now have 9/13 hp.
You hit the giant cockroach. The giant cockroach closely misses you.
The giant cockroach bites you but does no damage.
You hit the giant cockroach but do no damage.
The giant cockroach bites you but does no damage.
You closely miss the giant cockroach.
The giant cockroach bites you but does no damage.
The giant cockroach barely misses you.
You closely miss the giant cockroach. The giant cockroach closely misses you.
The giant cockroach barely misses you.
You hit the giant cockroach. The giant cockroach bites you. 😮 HP[-1]
You take 1 damage, and now have 8/13 hp.
You hit the giant cockroach.
You kill the giant cockroach!
You barely miss the goblin. You bite the goblin. The goblin closely misses you.
The goblin hits you with a +0 club. 😮 HP[-1]
You take 1 damage, and now have 7/13 hp.
You hit the goblin. The goblin hits you with a +0 club.
* * * LOW HITPOINT WARNING * * *
The goblin barely misses you. 😱 HP[-4]
You take 4 damage, and now have 3/13 hp.
MASSIVE DAMAGE!! (PAUSE) It was a potion of might.
You feel very mighty all of a sudden. The goblin hits you with a +0 club.
You die...

Action                   || total
-------------------------++-------
Melee: Club              ||    16
       Bite              ||     1
  Use: Potion            ||     1
 Stab: Sleeping          ||     1
Armor: Robe              ||    11
Dodge: Dodged            ||    11

Levels and vault maps discovered:
D:1:      ncdulo_watergridlock, layout_loops_ring, dk_noncrumbling_2,
          hangedman_decor_slide_cut

Notes
Turn   | Place    | Note
-------+----------+-------------------------------------------
     0 | D:1      | spaghetti the Gnoll Wanderer began the quest for the Orb.
     0 | D:1      | spaghetti set off with the following items: a +0 club
                  | {mace}, a scroll of blinking {!r}, a +0 robe, a +0 helmet;
                  | and the following spells available to memorise: Beastly
                  | Appendage, Summon Small Mammal, Passwall, Summon Guardian
                  | Golem, Petrify
     0 | D:1      | Reached XP level 1. HP: 13/13 MP: 4/4
     0 | D:1      | magus.rc [v1.9.6]
    64 | D:1      | HP: 3/13 [goblin/+0 club (4)]
    66 | D:1      | Slain by a goblin

Vanquished Creatures
  A giant cockroach (D:1)
1 creature vanquished.

Table legend:
 A = Non-vault XP
 B = Vault XP
 C = Vault XP percentage of total XP
 D = Non-vault monster count
 E = Vault monster count
 F = Vault count percentage of total count
                 A         B        C        D         E       F
            +---------+---------+-------+---------+---------+-------
      Total |       2 |       0 |   0.0 |       1 |       0 |   0.0
            +---------+---------+-------+---------+---------+-------
        D:1 |       2 |       0 |   0.0 |       1 |       0 |   0.0
            +---------+---------+-------+---------+---------+-------

Illustrated notes

Table legend:
 A = Kills in this place as a percentage of kills in entire the game.
 B = Kills by you in this place as a percentage of kills by you in the entire game.
 C = Kills by friends in this place as a percentage of kills by friends in the entire game.
 D = Other kills in this place as a percentage of other kills in the entire game.
 E = Experience gained in this place as a percentage of experience gained in the entire game.
 F = Experience gained in this place divided by the number of levels of this place that you have seen.
                   A       B       C       D       E      F
               +-------+-------+-------+-------+-------+----------------------
         Total | 100.0 | 100.0 |   N/A |   N/A | 100.0 |   2.0
       Dungeon | 100.0 | 100.0 |   N/A |   N/A | 100.0 |   2.0
               +-------+-------+-------+-------+-------+----------------------

Table legend: (Time is in decaauts)
 A = Elapsed time spent in this place.
 B = Non-inter-level travel time spent in this place.
 C = Inter-level travel time spent in this place.
 D = Time resting spent in this place.
 E = Time spent auto-exploring this place.
 F = Levels seen in this place.
 G = Mean time per level.
                   A        B        C        D        E       F      G
               +--------+--------+--------+--------+--------+-----+--------+
         Total |     71 |     71 |      0 |      0 |     42 |   1 |   71.0 |
       Dungeon |     71 |     71 |      0 |      0 |     42 |   1 |   71.0 |
               +--------+--------+--------+--------+--------+-----+--------+

Top non-repeatable levels by time:
     D:1: 71 daAuts
